 Dungeon Crawl Stone Soup version 0.28-a0-664-gc179e30c89 (webtiles) character file.

Game seed: 1097427775298643536

117267 Irenicus the Earth Mage (level 16, -5/127 HPs)
             Began as a Deep Dwarf Earth Elementalist on Oct 14, 2021.
             Was the Champion of Makhleb.
             Killed from afar by a thorn hunter (24 damage)
             ... with a volley of thorns
             ... on level 1 of the Swamp on Oct 15, 2021.
             The game lasted 03:09:02 (14157 turns).

Irenicus the Earth Mage (DDEE)                     Turns: 14157, Time: 03:09:02

Health: -5/127     AC: 21    Str: 16      XL:     16   Next: 22%
Magic:  27/31      EV: 16    Int: 23 (26) God:    Makhleb [******]
Gold:   1623       SH:  6    Dex: 13      Spells: 26/37 levels left

rFire   . . .      SeeInvis .   m - +5 dagger (venom)
rCold   + + .      Faith    .   p - +1 buckler {rC+}
rNeg    + + .      Spirit   .   g - +1 steam dragon scales
rPois   +          Reflect  .   X - +2 helmet {Int+3}
rElec   .          Harm     .   E - +2 cloak {rPois}
rCorr   +          Rampage  .   O - +1 pair of gloves of Luoda {rPois}
Will    ++...                   Z - +2 pair of boots {Fly}
Stlth   ++++......              B - amulet of magic regeneration
HPRegen 0.00/turn               C - ring of protection from cold
MPRegen 0.47/turn               w - ring of the Dropbear {rN+ rCorr Str+4 Stlth+}

@: flying
A: damage resistance, heal wounds, negative energy resistance 1, sense
surroundings 2, no regeneration
a: Heal Wounds, Renounce Religion, Minor Destruction, Lesser Servant of Makhleb,
Major Destruction, Greater Servant of Makhleb


You were on level 1 of the Swamp.
You worshipped Makhleb.
Makhleb was exalted by your worship.
You visited 6 branches of the dungeon, and saw 27 of its levels.
You also visited: Bailey, Gauntlet, Ice Cave and Volcano.

You collected 3406 gold pieces.
You spent 1783 gold pieces at shops.


Innate Abilities, Weirdness & Mutations

You are resistant to damage.
You can heal yourself by infusing magical energy.
You resist negative energy. (rN+)
You passively map the area around you.
You do not regenerate.


   Skills:
 - Level 4.0 Fighting
 - Level 11.0 Armour
 - Level 10.0 Dodging
 - Level 7.0 Stealth
 - Level 4.1 Shields
 - Level 11.0 Spellcasting
 - Level 1.0 Conjurations
 - Level 3.1 Translocations
 - Level 3.0 Transmutations
 - Level 20.0 Earth Magic
 + Level 19.7 Evocations


You had 26 spell levels left.
You knew the following spells:

 Your Spells              Type           Power      Damage    Failure   Level
g - Apportation           Tloc           54%        N/A       1%          1
p - Petrify               Tmut/Erth      60%        N/A       1%          4
t - Stone Arrow           Conj/Erth      100%       3d13      1%          3
w - Passwall              Tmut/Erth      50%        N/A       1%          2
z - Sandblast             Erth           100%       2d20      0%          1

Your spell library contained the following spells:

 Spells                   Type           Power      Damage    Failure   Level
 Beastly Appendage        Tmut           52%        N/A       1%          1
 Animate Armour           Summ/Erth      100%       N/A       1%          4
 Wereblood                Tmut           26%        N/A       2%          2
 Animate Skeleton         Necr           24%        N/A       4%          1
 Foxfire                  Conj/Fire      60%        2x1d7     4%          1
 Freeze                   Ice            48%        1d7       4%          1
 Summon Small Mammal      Summ           48%        N/A       4%          1
 Scorch                   Fire           24%        2d6       8%          2
 Sublimation of Blood     Necr           6%         N/A       8%          2
 Conjure Flame            Conj/Fire      15%        6-21      12%         3
 Frozen Ramparts          Ice            24%        1d4       16%         3
 Inner Flame              Hex/Fire       12%        N/A       16%         3
 Ozocubu's Armour         Ice            12%        N/A       16%         3
 Summon Guardian Golem    Hex/Summ       12%        N/A       16%         3
 Ice Form                 Ice/Tmut       19%        N/A       26%         4
 Flame Wave               Conj/Fire      15%        3d5       38%         4
 Hailstorm                Conj/Ice       15%        3d5       38%         4
 Summon Ice Beast         Ice/Summ       12%        N/A       45%         4
 Iskenderun's Battlesphe  Conj           17%        2d7       65%         5
 Fireball                 Conj/Fire      7%         3d5       75%         5
 Metabolic Englaciation   Hex/Ice        6%         N/A       80%         5
 Conjure Ball Lightning   Conj/Air       7%         3x3d6     99%         6
 Lehudib's Crystal Spear  Conj/Erth      28%        10d8      99%         8
 Simulacrum               Ice/Necr       6%         N/A       100%        6
 Summon Cactus Giant      Summ           6%         N/A       100%        6
 Malign Gateway           Summ/Tloc      10%        N/A       100%        7
 Orb of Destruction       Conj           8%         9d4       100%        7
 Ozocubu's Refrigeration  Ice            6%         4d6       100%        7
 Spellforged Servitor     Conj/Summ      7%         N/A       100%        7
 Summon Hydra             Summ           6%         N/A       100%        7
 Borgnjor's Revivificati  Necr           6%         N/A       100%        8
 Summon Horrible Things   Summ           6%         N/A       100%        8

Inventory:

Hand Weapons
 e - the +9 staff of Wucad Mu {*channel}
   (You found it on level 14 of the Dungeon)

   It occasionally powers its wielder's spells, but with a chance of causing
   confusion or draining the wielder's intelligence.
   It becomes more likely to activate and less likely to backfire with increased
   Evocations skill.
 m - a +5 dagger of venom (weapon)
Missiles
 h - 6 datura-tipped darts
 Q - 77 stones
 S - 6 curare-tipped darts {=f}
Armour
 f - the +1 leather armour of Lajurghah {rElec Str-5 Int+3 SInv}
   (You found it on level 6 of the Lair of Beasts)

   Str:       It affects your strength (-5).
   Int:       It affects your intelligence (+3).
   rElec:     It insulates you from electricity.
   SInv:      It lets you see invisible.
 g - +1 steam dragon scales (worn)
 o - +0 storm dragon scales
 p - a +1 buckler of cold resistance (worn)
 E - a +2 cloak of poison resistance (worn)
 O - the +1 pair of gloves of Luoda (worn) {rPois}
   (You found it in a Gauntlet)

   rPois:     It protects you from poison.
 U - a +3 ring mail of fire resistance
 W - a +0 kite shield of cold resistance
 X - a +2 helmet of intelligence (worn)
 Z - a +2 pair of boots of flying (worn)
Magical Staves
 k - a staff of fire {!a}
 T - a staff of earth {!a}
Jewellery
 v - a ring of see invisible
 w - the ring of the Dropbear (right hand) {rN+ rCorr Str+4 Stlth+}
   (You found it on level 4 of the Lair of Beasts)

   [ring of resist corrosion]

   Str:       It affects your strength (+4).
   rN:        It protects you from negative energy.
   rCorr:     It protects you from acid and corrosion.
   Stlth:     It makes you more stealthy.
 B - an amulet of magic regeneration (around neck)
 C - a ring of protection from cold (left hand)
 F - a ring of protection from fire
 N - a ring of positive energy
Wands
 q - a wand of iceblast (16)
 x - a wand of paralysis (12)
 y - a wand of flame (40)
 L - a wand of mindburst (5)
 Y - a wand of charming (1)
Scrolls
 a - 7 scrolls of teleportation {@r2}
 b - 2 scrolls of enchant armour
 d - 5 scrolls of identify {@r1}
 r - a scroll of brand weapon
 u - 2 scrolls of blinking
 I - a scroll of immolation
 P - 3 scrolls of magic mapping
 V - a scroll of holy word
Potions
 c - a potion of resistance
 i - 2 potions of heal wounds {@q2}
 j - 2 potions of ambrosia
 l - 2 potions of cancellation
 n - 3 potions of magic
 s - 6 potions of might
 t - 2 potions of invisibility
 z - 6 potions of mutation
 D - a potion of haste {@q3}
 H - 2 potions of brilliance
 K - 7 potions of curing {@q1}
 M - 3 potions of lignification
Miscellaneous
 A - a tin of tremorstones (2/2)
 J - a lightning rod (4/4)
 R - a phial of floods (inert)

Dungeon Overview and Level Annotations

Branches:
Dungeon (15/15)            Temple (1/1) D:4            Lair (6/6) D:11
  Swamp (2/4) Lair:4        Snake (0/4) Lair:3        Slime (0/5) Lair:5
    Orc (2/2) D:10            Elf (1/3) Orc:2        Depths (0/4) D:15
 Bailey (visited)           IceCv (visited)         Volcano (visited)
Gauntlet (visited)
 Vaults: D:13-14

Altars:
Ashenzari
Cheibriados
Dithmenos
Elyvilon
Fedhas
Hepliaklqana
Kikubaaqudgha
Makhleb
Okawaru
Qazlal
Ru
Trog
Uskayaw
Vehumet
Xom
Yredelemnul
Zin
The Shining One
Beogh
Jiyva

Shops:
D:7 [   D:11 [*?   Orc:2 *([=

Portals:
Trove: D:11 (give 15 potions of curing)

Annotations:
D:2 Sigmund
D:12 1 runed translucent door, bmj180's ghost, journeyman GrEE
Swamp:2 Frances

♣..#.....#$..≈... , ,
♣♣...#†#####...≈..≈
♣♣....#.#...#...≈... ♣♣♣♣
♣..#####....#..≈.?.≈ , ,
...≈♣♣♣..#....#...#.....≈.
,≈ ,
≈≈≈.≈.≈.......#÷..#..≈.≈..≈
,
≈≈≈≈≈....+....#...#..≈≈...
≈ ,
≈≈.≈≈≈...#.###.###.t......≈
,
...≈≈≈..........@.ft....♣♣
, ≈≈§≈≈≈................≈.♣
, ,,
≈≈≈≈≈≈≈.^......≈≈.....≈♣♣ ,
≈≈≈≈≈≈≈........≈≈≈≈...≈.♣ ,
, ≈≈.≈≈≈......≈♣♣≈≈≈♣♣.♣.♣♣
, ....≈.♣♣♣♣.≈♣♣♣♣♣♣♣ ♣♣♣♣
,≈ ....♣♣♣ ♣.♣♣ ** ,,
≈≈≈.♣* ≈ .≈♣ , ≈≈..♣*,, , ≈
,


You could see a thorn hunter (ally target) and 2 friendly alligators.


Message History

Aiming: Mindburst
Press: ? - help, Shift-Dir - straight line, f - thorn hunter, p - alligator
Aim: a thorn hunter (heavily damaged, ally target, chance to affect: 49%)
The thorn hunter resists with some effort.
Your alligator bites the thorn hunter!
Your alligator barely misses the thorn hunter. x2
Your alligator tail-slaps the thorn hunter but does no damage.
Casting: Sandblast (safe; 0% risk of failure)
Confirm with . or Enter, or press ? or * to list all spells.
Aiming: Stone Arrow (safe; 1% risk of failure)
Press: ? - help, Shift-Dir - straight line, f/p - thorn hunter
Aim: a thorn hunter (severely damaged, ally target, 81% to hit)
Really fire in your alligator's direction?
Okay, then.
Casting: Stone Arrow (safe; 1% risk of failure)
Confirm with . or Enter, or press ? or * to list all spells.
Aiming: Stone Arrow (safe; 1% risk of failure)
Press: ? - help, Shift-Dir - straight line, p - thorn hunter The stone arrow hits the thorn hunter!
The thorn hunter is severely damaged.
The thorn hunter fires a volley of thorns at you.
The volley of thorns hits you!!
* * * LOW HITPOINT WARNING * * *
Your alligator completely misses the thorn hunter.
Your alligator tail-slaps the thorn hunter but does no damage.
Your alligator bites the thorn hunter!
Your alligator tail-slaps the thorn hunter but does no damage.
The thorn hunter fires a volley of thorns at you.
The volley of thorns hits you!!
You die...

Skill      XL: |  1  2  3  4  5  6  7  8  9 10 11 12 13 14 15 16 |
---------------+-------------------------------------------------+-----
Earth Magic    | 5 6 9 10 12 14 15 18 20 | 20.0
Spellcasting   | 3 4 5 9 11 | 11.0
Evocations     | 5 6 8 14 18 19 | 19.7
Shields        | 4 |  4.1
Armour         | 1 6 8 11 | 11.0
Fighting       | 2 4 |  4.0
Dodging        | 4 5 8 9 10 | 10.0
Stealth        | 7 |  7.0
Translocations | 3 |  3.1
Transmutations | 3 |  3.0
Conjurations   | 1 |  1.0

Action                   |  1- 3 |  4- 6 |  7- 9 | 10-12 | 13-15 | 16-18 || total
-------------------------+-------+-------+-------+-------+-------+-------++-------
Melee: Unarmed           |    24 |       |       |       |       |       ||    24
       Staff             |    34 |       |       |    35 |    85 |       ||   154
       Dagger            |    10 |    47 |    36 |    98 |   152 |    25 ||   368
 Cast: Sandblast         |    37 |    40 |   111 |   161 |   262 |    12 ||   623
       Passwall          |     6 |     9 |     6 |    27 |    10 |       ||    58
       Stone Arrow       |       |     8 |    54 |   197 |   603 |    38 ||   900
       Apportation       |       |       |     1 |     9 |    47 |     4 ||    61
       Petrify           |       |       |     1 |    19 |    44 |     7 ||    71
Evoke: Wand              |       |       |    10 |    27 |    55 |    29 ||   121
       Tin of tremorston |       |       |       |     2 |     3 |       ||     5
       Lightning rod     |       |       |       |     3 |    19 |     3 ||    25
       Phial of floods   |       |       |       |     1 |     6 |     1 ||     8
  Use: Potion            |       |     2 |     1 |     2 |     1 |     2 ||     8
       Scroll            |       |     3 |     9 |     9 |    12 |     1 ||    34
 Stab: Sleeping          |     2 |     2 |     1 |     1 |     5 |     1 ||    12
       Held in net/web   |     1 |       |       |       |       |       ||     1
       Paralysed         |       |       |    26 |    11 |       |       ||    37
       Petrified         |       |       |       |    40 |   125 |    23 ||   188
       Petrifying        |       |       |       |     4 |     4 |       ||     8
Armor: Robe              |    29 |    22 |       |       |       |       ||    51
       Leather armour    |       |     8 |    29 |    14 |       |       ||    51
       Steam dragon scal |       |       |       |   125 |   364 |    29 ||   518
Dodge: Dodged            |    58 |    43 |    56 |   226 |   617 |    54 ||  1054
Block: Buckler           |       |       |     2 |    63 |   219 |    25 ||   309

Levels and vault maps discovered:
D:1:      elethiomel_arrival_maze, layout_basic,
          shapermc_ecumenical_altar_rom_forum, minmay_gold_behind_fungi,
          patterned_corridor
D:2:      layout_basic, minmay_split_cup_small, uniq_crazy_yiuf_cottage,
          uniq_sigmund
D:3:      layout_loops_cross, nicolae_uskayaw_en_pointe,
          grunt_temple_overflow_open, lemuel_coloured_pillars_altar,
          grunt_decor_arrowhead, minmay_rat_hole, uniq_grinder
D:4:      layout_cave_pods, minmay_temple_entry_stoned_glass,
          kennysheep_diamond, uniq_eustachio
D:5:      layout_loops_corners, mainiacjoe_overflow_alcove_3,
          minmay_quadrilaterals
D:6:      layout_loops_cross, uniq_blork_the_orc
D:7:      layout_loops_corners, serial_shops, kennysheep_mini_moat,
          enter_bailey_4
D:8:      minmay_spotlight, layout_basic, amethyst_killhole, uniq_joseph,
          uniq_maurice
D:9:      layout_basic, grunt_dithmenos_smoke_and_mirrors, uniq_psyche
D:10:     lemuel_castle_with_subvaults [lemuel_castle_interior_carwin_1],
          layout_irregular_city, good_gods_mini_temple, zombieorc2_lemuel,
          uniq_grum
D:11:     layout_small_grid, grunt_lair_entry_orc_guard_hut,
          gauntlet_entry_generic, nicolae_trove_entry_isolated, serial_shops,
          nicolae_shop_competitors_out_of_business, nicolae_diamond_shop, shop
D:12:     layout_long_grid, ebering_ghost_reflecting_pool, kennysheep_nub
D:13:     layout_stronghold, erik_vaults_2
D:14:     layout_long_grid, serial_park_square3 [serial_park_minivault_5x5_2],
          item_on_display_a, uniq_rupert
D:15:     grunt_enter_depths_magical_seal, layout_small_grid, serial_rivers,
          chequers_serial_rivers_micro_d, chequers_serial_rivers_large_a,
          chequers_serial_rivers_micro_c, chequers_serial_rivers_micro_a,
          chequers_serial_rivers_room_a, chequers_serial_rivers_marsh,
          minmay_door_square
Temple:   eino_temple_lava
Lair:1:   layout_cave_pods, ebering_ghost_reflecting_pool,
          portal_ice_cave_demonic_guard, wad_woods_06, beast_lair_carwin_2,
          uniq_nergalle
Lair:2:   layout_regular_city, grunt_forest_large_clearings, grunt_megastairs_3,
          infiniplex_staircase_pool, serial_bayou_shore_a, serial_bayou_shore_b
Lair:3:   nzn_winding_woodlands_huge [nzn_winding_woodlands_5x15_twine,
          nzn_winding_woodlands_5x15_river_crossing,
          nzn_winding_woodlands_5x15_sidewinder,
          nzn_winding_woodlands_5x15_lazy_stream,
          nzn_winding_woodlands_5x15_default, nzn_winding_woodlands_5x15_garden,
          nzn_winding_woodlands_5x15_pool, nzn_winding_woodlands_5x15_parted,
          nzn_winding_woodlands_5x15_sawtooth,
          nzn_winding_woodlands_5x15_pockets,
          nzn_winding_woodlands_center_garden,
          nzn_winding_woodlands_center_lodge,
          nzn_winding_woodlands_15x15_killbox], layout_regular_city,
          dummy_snake_entry
Lair:4:   layout_regular_city, minmay_swamp_entry_wisps, minivault_23
Lair:5:   layout_gridlike, slime_altar_1, grunt_megastairs_1,
          serial_bayou_shore_b, serial_bayou_shore_b
Lair:6:   minmay_lair_end_frog_pond, layout_gridlike, minmay_lair_drake_nest
Swamp:1:  layout_basic_swamp, evilmike_swamp_ruin_house_5, uniq_jorgrun
Swamp:2:  layout_basic_swamp, evilmike_swamp_ruin_rubble_2, uniq_frances
Orc:1:    nicolae_orc_accident_2, layout_caves, serial_shops, enter_volcano_2
Orc:2:    grunt_orc_gardens, layout_diamond_mine, grunt_orc_garden,
          grunt_orc_garden, grunt_orc_garden, grunt_orc_garden,
          nicolae_orc_tapped_out
Elf:1:    eino_elf_arrival_altar, layout_geoelf_diagonals,
          minmay_elf_annihilation, minmay_shop_star

Notes
Turn   | Place    | Note
-------+----------+-------------------------------------------
     0 | D:1      | Irenicus the Deep Dwarf Earth Elementalist began the quest
                  | for the Orb.
     0 | D:1      | Reached XP level 1. HP: 15/15 MP: 3/3
   241 | D:1      | Reached XP level 2. HP: 17/22 MP: 1/4
   350 | D:1      | Found a faded altar of an unknown god.
   459 | D:1      | Reached skill level 5 in Earth Magic
   518 | D:1      | Got Plato's Papyrus of Shape Shifting
   562 | D:1      | Learned a level 2 spell: Passwall
   643 | D:1      | Reached XP level 3. HP: 22/28 MP: 0/5
   747 | D:2      | Noticed Sigmund
   831 | D:2      | Reached skill level 6 in Earth Magic
   971 | D:3      | Found an ancient bone altar of Kikubaaqudgha.
   973 | D:3      | Found a snail-covered altar of Cheibriados.
  1023 | D:3      | You fall into a shaft and drop 1 floor!
  1041 | D:4      | Reached XP level 4. HP: 24/36 MP: 2/6
  1110 | D:4      | Found a staircase to the Ecumenical Temple.
  1110 | D:4      | Noticed Eustachio
  1120 | Temple   | Entered the Ecumenical Temple
  1137 | Temple   | Became a worshipper of Makhleb the Destroyer
  1169 | D:4      | Found a broken altar of Ashenzari.
  1238 | D:3      | Learned a level 3 spell: Stone Arrow
  1285 | D:3      | Reached skill level 7 in Earth Magic
  1303 | D:3      | Reached * piety under Makhleb
  1350 | D:3      | Found a hide-covered altar of Uskayaw.
  1350 | D:3      | Noticed a +0 short sword
  1350 | D:3      | Noticed a +0 short sword
  1351 | D:3      | Noticed a +0 falchion
  1351 | D:3      | Noticed a +0 dagger
  1351 | D:3      | Noticed a +0 spear
  1352 | D:3      | Noticed a +0 spear
  1359 | D:3      | Noticed a +0 dagger
  1362 | D:3      | Noticed a +0 falchion
  1459 | D:3      | Noticed Grinder
  1473 | D:3      | Killed Grinder
  1474 | D:3      | Reached skill level 9 in Earth Magic
  1474 | D:3      | Reached XP level 5. HP: 15/42 MP: 1/7
  1474 | D:3      | Reached XP level 6. HP: 17/49 MP: 1/8
  1479 | D:3      | Identified a scroll of acquirement
  1479 | D:3      | Acquired 710 gold pieces
  1605 | D:2      | Found a runed translucent door.
  1606 | D:2      | Noticed Crazy Yiuf
  1612 | D:2      | Killed Crazy Yiuf
  1650 | D:2      | Learned a level 1 spell: Apportation
  1949 | D:4      | Identified the +0 scale mail "Put-Me-On" {Drain rN+ Str+4
                  | Int+3}
  2007 | D:4      | Reached skill level 10 in Earth Magic
  2138 | D:4      | Killed Eustachio
  2139 | D:4      | Reached XP level 7. HP: 14/55 MP: 0/9
  2314 | D:4      | Reached skill level 11 in Earth Magic
  2331 | D:5      | Entered Level 5 of the Dungeon
  2363 | D:5      | HP: 5/55 [ogre (8)]
  2419 | D:5      | Reached skill level 12 in Earth Magic
  2437 | D:5      | Reached ** piety under Makhleb
  2488 | D:5      | Reached XP level 8. HP: 14/62 MP: 0/10
  2909 | D:6      | Reached skill level 2 in Spellcasting
  2909 | D:6      | Reached skill level 13 in Earth Magic
  3041 | D:6      | Reached skill level 1 in Evocations
  3150 | D:6      | Reached skill level 3 in Spellcasting
  3150 | D:6      | Reached skill level 2 in Evocations
  3174 | D:6      | Reached skill level 3 in Evocations
  3236 | D:6      | Reached skill level 4 in Evocations
  3256 | D:6      | Noticed Blork the orc
  3259 | D:6      | Reached skill level 14 in Earth Magic
  3304 | D:6      | Reached skill level 5 in Evocations
  3304 | D:6      | Gained mutation: You passively map the area around you.
                  | [Deep Dwarf growth]
  3304 | D:6      | Reached XP level 9. HP: 21/68 MP: 0/13
  3493 | D:6      | Killed Blork the orc
  3731 | D:7      | Found Plog's Armour Shoppe.
  3734 | D:7      | Bought a +0 buckler for 54 gold pieces
  3746 | D:7      | Reached skill level 1 in Shields
  3906 | D:7      | Reached skill level 2 in Shields
  3919 | D:7      | Reached *** piety under Makhleb
  3923 | D:7      | Found a flagged portal.
  3933 | Bailey   | Entered a bailey
  4002 | Bailey   | Reached skill level 3 in Shields
  4036 | Bailey   | Reached skill level 4 in Shields
  4037 | Bailey   | Reached skill level 1 in Armour
  4042 | Bailey   | Learned a level 4 spell: Petrify
  4044 | Bailey   | Found an iron altar of Okawaru.
  4100 | D:7      | Reached skill level 1 in Fighting
  4335 | D:8      | Reached skill level 2 in Fighting
  4335 | D:8      | Reached skill level 15 in Earth Magic
  4419 | D:8      | Reached **** piety under Makhleb
  4420 | D:8      | Reached skill level 3 in Dodging
  4661 | D:8      | Reached skill level 4 in Dodging
  4661 | D:8      | Reached skill level 4 in Spellcasting
  4676 | D:8      | Noticed Maurice
  4691 | D:8      | Killed Maurice
  4692 | D:8      | Reached XP level 10. HP: 80/80 MP: 14/16
  4735 | D:8      | Noticed Joseph
  4748 | D:8      | Killed Joseph
  4749 | D:8      | Reached skill level 5 in Dodging
  4798 | D:8      | Reached skill level 6 in Evocations
  4805 | D:8      | Reached skill level 3 in Stealth
  5086 | D:9      | Reached skill level 1 in Translocations
  5192 | D:9      | Noticed Psyche
  5199 | D:9      | Reached skill level 4 in Stealth
  5203 | D:9      | Reached skill level 2 in Translocations
  5233 | D:9      | Killed Psyche
  5237 | D:9      | Reached skill level 5 in Stealth
  5237 | D:9      | Reached skill level 3 in Translocations
  5290 | D:9      | Reached skill level 1 in Transmutations
  5314 | D:9      | Reached skill level 5 in Spellcasting
  5322 | D:9      | Reached skill level 2 in Transmutations
  5334 | D:9      | Reached skill level 6 in Stealth
  5614 | D:9      | Found a shadowy altar of Dithmenos.
  5770 | D:10     | Entered Level 10 of the Dungeon
  5802 | D:10     | Reached skill level 3 in Transmutations
  5819 | D:10     | Noticed a gargoyle
  5828 | D:10     | Killed a gargoyle
  5829 | D:10     | Reached skill level 7 in Stealth
  5857 | D:10     | Noticed Grum
  5860 | D:10     | Reached skill level 1 in Conjurations
  5861 | D:10     | Killed Grum
  5868 | D:10     | Reached XP level 11. HP: 49/86 MP: 13/19
  5869 | D:10     | Reached ***** piety under Makhleb
  5923 | D:10     | Reached skill level 6 in Spellcasting
  5945 | D:10     | Found a staircase to the Orcish Mines.
  5984 | D:10     | Reached skill level 7 in Evocations
  6076 | D:10     | Found a white marble altar of Elyvilon.
  6076 | D:10     | Found a glowing golden altar of the Shining One.
  6076 | D:10     | Found a glowing silver altar of Zin.
  6215 | D:10     | Noticed a two-headed ogre
  6217 | D:10     | Noticed a two-headed ogre
  6219 | D:10     | Reached skill level 8 in Evocations
  6221 | D:10     | Killed a two-headed ogre
  6222 | D:10     | Reached skill level 7 in Spellcasting
  6224 | D:10     | Killed a two-headed ogre
  6253 | D:10     | Reached skill level 8 in Spellcasting
  6281 | D:10     | Noticed a deep elf pyromancer
  6369 | D:10     | Killed a deep elf pyromancer
  6413 | D:10     | Noticed a two-headed ogre
  6443 | D:10     | Killed a two-headed ogre
  6444 | D:10     | Reached skill level 9 in Spellcasting
  6750 | D:11     | Found Qogela's Armour Shop.
  6765 | D:11     | Reached XP level 12. HP: 93/93 MP: 15/25
  6778 | D:11     | Reached skill level 10 in Spellcasting
  6787 | D:11     | Found Doid's Assorted Antiques.
  6804 | D:11     | Bought a wand of flame (12) for 30 gold pieces
  6804 | D:11     | Bought a wand of iceblast (10) for 120 gold pieces
  6804 | D:11     | Bought a potion of heal wounds for 150 gold pieces
  6804 | D:11     | Found a gate leading to a gauntlet.
  6850 | Gauntlet | Entered a Gauntlet
  6850 | Gauntlet | Noticed a death scarab
  6850 | Gauntlet | Found a transporter.
  6850 | Gauntlet | Found a transporter.
  6874 | Gauntlet | Found a transporter.
  6876 | Gauntlet | Found a transporter.
  6877 | Gauntlet | Found a transporter.
  6882 | Gauntlet | Found a transporter.
  6909 | Gauntlet | Identified the +1 pair of gloves of Luoda {rPois}
  6940 | Gauntlet | Found a transporter.
  6955 | Gauntlet | Found a transporter.
  6971 | Gauntlet | Reached ****** piety under Makhleb
  6974 | Gauntlet | Found a transporter.
  6990 | Gauntlet | Found a transporter.
  7010 | Gauntlet | Found a transporter.
  7042 | Gauntlet | Noticed a ghost crab
  7079 | Gauntlet | Found a transporter.
  7105 | Gauntlet | Reached skill level 11 in Spellcasting
  7115 | Gauntlet | Found a transporter.
  7154 | Gauntlet | Noticed a minotaur
  7160 | Gauntlet | Killed a minotaur
  7161 | Gauntlet | Reached skill level 2 in Armour
  7206 | D:11     | Found a portal to a secret trove of treasure.
  7309 | D:11     | Noticed a four-headed hydra
  7321 | D:11     | Killed a four-headed hydra
  7322 | D:11     | Reached skill level 6 in Dodging
  7325 | D:11     | Reached skill level 3 in Armour
  7369 | D:11     | Noticed a two-headed ogre
  7384 | D:11     | Reached skill level 4 in Armour
  7404 | D:11     | Killed a two-headed ogre
  7440 | D:11     | Reached skill level 7 in Dodging
  7454 | D:11     | Found Kanwapp's Magic Scroll Emporium.
  7462 | D:11     | Bought a scroll of teleportation for 51 gold pieces
  7462 | D:11     | Bought a scroll of enchant armour for 127 gold pieces
  7462 | D:11     | Bought a scroll of blinking for 127 gold pieces
  7462 | D:11     | Bought a scroll of teleportation for 51 gold pieces
  7462 | D:11     | Bought a scroll of immolation for 59 gold pieces
  7544 | Orc:1    | Entered Level 1 of the Orcish Mines
  7572 | Orc:1    | Reached skill level 5 in Armour
  7626 | Orc:1    | Found a dark tunnel.
  7632 | Volcano  | Entered a volcano
  7675 | Volcano  | Reached skill level 6 in Armour
  7675 | Volcano  | Reached skill level 8 in Dodging
  7754 | Volcano  | Reached XP level 13. HP: 85/99 MP: 4/28
  7756 | Volcano  | Reached skill level 7 in Armour
  7925 | Orc:1    | Reached skill level 9 in Dodging
  7996 | Orc:2    | Entered Level 2 of the Orcish Mines
  8176 | Orc:2    | Noticed an orc warlord
  8228 | Orc:2    | Reached skill level 8 in Armour
  8390 | Orc:2    | Found Loruc's General Store.
  8401 | Orc:2    | Found a staircase to the Elven Halls.
  8402 | Orc:2    | Bought a scroll of holy word for 105 gold pieces
  8402 | Orc:2    | Bought 2 potions of mutation for 224 gold pieces
  8402 | Orc:2    | Bought 22 stones for 30 gold pieces
  8402 | Orc:2    | Bought a +0 kite shield of cold resistance for 161 gold
                  | pieces
  8452 | Orc:2    | Found Teshriokh's Antique Weapon Shop.
  8495 | Orc:2    | Killed an orc warlord
  8592 | Orc:2    | Reached skill level 16 in Earth Magic
  8636 | Orc:2    | Found Poexafeh's Antique Armour Shoppe.
  8647 | Orc:2    | Bought a runed helmet for 247 gold pieces
  8647 | Orc:2    | Bought a pair of embroidered boots for 247 gold pieces
  8695 | Orc:2    | Found Ixuutwum's Jewellery Emporium.
  8841 | Elf:1    | Entered Level 1 of the Elven Halls
  8862 | Elf:1    | Found a radiant altar of Vehumet.
  8887 | Elf:1    | Reached skill level 17 in Earth Magic
  9227 | D:12     | Found a runed translucent door.
  9290 | D:12     | Reached skill level 18 in Earth Magic
  9291 | D:12     | Noticed bmj180's ghost (journeyman GrEE)
  9620 | D:13     | You are sucked into a shaft and drop 2 floors!
  9620 | D:15     | Entered Level 15 of the Dungeon
  9704 | D:15     | Gained mutation: You resist negative energy. (rN+) [Deep
                  | Dwarf growth]
  9704 | D:15     | Reached XP level 14. HP: 108/108 MP: 8/29
  9848 | D:15     | Reached skill level 19 in Earth Magic
  9867 | D:15     | Found a staircase to the Depths.
  9943 | D:14     | Found the +9 staff of Wucad Mu {*channel}
 10038 | D:11     | Found a staircase to the Lair.
 10046 | Lair:1   | Entered Level 1 of the Lair of Beasts
 10313 | Lair:2   | Reached skill level 20 in Earth Magic
 10333 | Lair:2   | Reached skill level 9 in Evocations
 10396 | Lair:2   | Reached skill level 10 in Evocations
 10462 | Lair:2   | Reached skill level 11 in Evocations
 10585 | Lair:2   | Reached skill level 12 in Evocations
 10657 | Lair:1   | Found a frozen archway.
 10665 | IceCv    | Entered an ice cave
 10823 | IceCv    | Reached skill level 13 in Evocations
 11066 | IceCv    | Identified a +2 crystal plate armour of cold resistance
 11285 | Lair:1   | Found a runed translucent door.
 11295 | Lair:1   | Noticed Yfuuris's ghost (novice MfGl)
 11304 | Lair:1   | Killed Yfuuris's ghost
 11305 | Lair:1   | Reached skill level 14 in Evocations
 11402 | Lair:1   | Noticed Nergalle
 11411 | Lair:1   | Killed Nergalle
 11526 | Lair:3   | Found a staircase to the Snake Pit.
 11678 | Lair:3   | Reached XP level 15. HP: 106/114 MP: 16/30
 11696 | Lair:3   | Reached skill level 15 in Evocations
 11891 | Lair:3   | Reached skill level 16 in Evocations
 12082 | Lair:4   | Found a staircase to the Swamp.
 12299 | Lair:3   | Reached skill level 17 in Evocations
 12565 | Lair:4   | Reached skill level 3 in Fighting
 12565 | Lair:4   | Identified a potion of resistance
 12577 | Lair:4   | Identified the ring of the Dropbear {rN+ rCorr Str+4
                  | Stlth+}
 12672 | Lair:4   | Reached skill level 4 in Fighting
 12794 | Lair:4   | Reached skill level 10 in Dodging
 12931 | Lair:5   | Found a viscous altar of Jiyva.
 12932 | Lair:5   | Found a staircase to the Slime Pits.
 12985 | Lair:5   | Reached skill level 9 in Armour
 13198 | Lair:6   | Entered Level 6 of the Lair of Beasts
 13305 | Lair:6   | Reached skill level 10 in Armour
 13340 | Lair:6   | Reached skill level 11 in Armour
 13370 | Lair:6   | Identified the +8 broad axe "Engaiski" {vamp, rPois SInv
                  | Stlth+}
 13589 | Lair:6   | Reached skill level 18 in Evocations
 13600 | Lair:6   | Got the Disquisition on Dark Arts and Cold
 13768 | Lair:6   | Identified the +1 leather armour of Lajurghah {rElec Str-5
                  | Int+3 SInv}
 13779 | Lair:6   | Upgraded the game from 0.28-a0-662-g1651b1f1e0 to
                  | 0.28-a0-664-gc179e30c89
 13797 | Lair:6   | Reached XP level 16. HP: 87/127 MP: 15/31
 13871 | Swamp:1  | Entered Level 1 of the Swamp
 13881 | Swamp:1  | Noticed Jorgrun
 13916 | Swamp:1  | Killed Jorgrun
 13965 | Swamp:1  | Reached skill level 19 in Evocations
 13978 | Swamp:2  | Noticed Frances
 14148 | Swamp:1  | Noticed a thorn hunter
 14157 | Swamp:1  | Killed from afar by a thorn hunter

Vanquished Creatures
  Jorgrun (Swamp:1)
  An orc warlord (Orc:2)
  A minotaur (Gauntlet)
  2 shambling mangroves
  3 boulder beetles
  9 hydras
  3 catoblepae (Lair:3)
  3 centaur warriors
  4 alligators (Swamp:1)
  6 two-headed ogres
  The ghost of Yfuuris the Impaler, a novice MfGl of Zin (Lair:1)
  4 death yaks (Lair:2)
  A fire crab (Gauntlet)
  3 spriggans
  Nergalle (Lair:1)
  2 goliath frogs
  2 deep elf archers
  7 orc knights
  A bog body (IceCv)
  A necromancer (D:15)
  An ugly thing (D:11)
  11 deep elf pyromancers
  2 deep elf zephyrmancers
  5 orc sorcerers (Orc:2)
  3 cyclopes
  2 will-o-the-wisps
  Maurice (D:8)
  3 manticores
  14 elephants
  An ice statue (IceCv)
  3 naga magi (D:15)
  2 torpor snails (Lair:6)
  Joseph (D:8)
  4 black mambas (Lair:4)
  2 centaur skeletons (D:15)
  A gargoyle (D:10)
  25 cane toads
  Psyche (D:9)
  An unseen horror (D:10)
  2 kobold demonologists
  6 rime drakes
  3 entropy weaver simulacra (IceCv)
  15 komodo dragons
  2 freezing wraiths (IceCv)
  A tengu conjurer (D:15)
  6 ice devils
  9 trolls
  2 anaconda simulacra (IceCv)
  3 polar bears
  A bloated husk (Swamp:1)
  A wolf spider simulacrum (Gauntlet)
  32 blink frogs
  Grinder (D:3)
  A queen bee (Gauntlet)
  4 tyrant leeches (Lair:6)
  11 hornets
  9 slime creatures (D:12)
  A dream sheep (Lair:3)
  4 centaur simulacra
  A shadow (D:10)
  A wraith (D:10)
  4 wyverns
  3 fire bats (Gauntlet)
  Grum (D:10)
  5 fire elementals (Volcano)
  Eustachio (D:4)
  58 yaks
  8 basilisks
  4 steam dragons
  10 vampire mosquitoes
  13 wargs
  4 harpy simulacra (IceCv)
  2 swamp worms
  2 acid dragons
  9 hell hounds
  14 water moccasins
  A swamp drake (Swamp:2)
  A hornet zombie (D:15)
  38 orc warriors
  5 ogres
  5 black bears
  2 necrophages (D:6)
  42 wolves
  5 centaurs
  A phantom (D:7)
  Blork the orc (D:6)
  9 kobold brigands
  21 bullfrogs
  6 gnoll sergeants
  4 scorpions
  A two-headed ogre simulacrum (IceCv)
  A hornet simulacrum (Gauntlet)
  2 water moccasin skeletons
  7 killer bees
  2 troll zombies (D:10)
  5 wights (D:6)
  7 howler monkeys (D:10)
  2 electric eels (Lair:2)
  4 centaur zombies
  A jelly (D:5)
  2 bullfrog zombies
  Crazy Yiuf (D:2)
  16 orc priests
  2 hounds
  A bullfrog skeleton (D:4)
  8 gnoll shamans (D:10)
  3 iguanas
  22 orc wizards
  11 hell rats
  A scorpion zombie (D:5)
  A troll simulacrum (IceCv)
  2 killer bee zombies (D:6)
  6 ogre zombies (D:10)
  A hound zombie (D:5)
  2 hound skeletons
  A howler monkey zombie (D:10)
  6 adders
  8 gnolls (D:8)
  5 ufetubi
  2 worms
  2 dart slugs
  55 orcs
  7 bats
  5 endoplasms
  A giant cockroach (D:1)
  8 goblins
  8 hobgoblins
  7 jackals
  24 kobolds
  5 quokkas
  8 ball pythons
  3 frilled lizards (D:1)
  3 goblin zombies (D:10)
  A hobgoblin skeleton (D:10)
  3 hobgoblin zombies (D:10)
  4 orc skeletons (D:10)
  13 orc zombies (D:10)
  23 rats
847 creatures vanquished.

Vanquished Creatures (collateral kills)
  A necromancer (IceCv)
  A hornet (Swamp:1)
  A spriggan (Swamp:1)
  A vampire mosquito (Lair:6)
4 creatures vanquished.

Vanquished Creatures (others)
  An alligator (Swamp:1)
  A cane toad (Lair:6)
  8 foxfires (Lair:4)
  57 fungi
  95 plants
  3 toadstools (D:1)
  A withered plant (Gauntlet)
166 creatures vanquished.

Grand Total: 1017 creatures vanquished

Table legend: (Time is in decaauts)
 A = Elapsed time spent in this place.
 B = Non-inter-level travel time spent in this place.
 C = Inter-level travel time spent in this place.
 D = Time resting spent in this place.
 E = Time spent auto-exploring this place.
 F = Levels seen in this place.
 G = Mean time per level.
                   A        B        C        D        E       F      G
               +--------+--------+--------+--------+--------+-----+--------+
         Total |  14199 |  13799 |    400 |      0 |      0 |  31 |  458.0 |
       Dungeon |   8123 |   7902 |    221 |      0 |      0 |  15 |  541.5 |
        Temple |     26 |     26 |      0 |      0 |      0 |   1 |   26.0 |
          Lair |   3382 |   3292 |     90 |      0 |      0 |   6 |  563.7 |
         Swamp |    285 |    285 |      0 |      0 |      0 |   2 |  142.5 |
  Orcish Mines |   1183 |   1095 |     88 |      0 |      0 |   2 |  591.5 |
   Elven Halls |     87 |     87 |      0 |      0 |      0 |   1 |   87.0 |
        Bailey |    140 |    140 |      0 |      0 |      0 |   1 |  140.0 |
      Ice Cave |    468 |    468 |      0 |      0 |      0 |   1 |  468.0 |
       Volcano |    180 |    180 |      0 |      0 |      0 |   1 |  180.0 |
      Gauntlet |    320 |    320 |      0 |      0 |      0 |   1 |  320.0 |
               +--------+--------+--------+--------+--------+-----+--------+

Top non-repeatable levels by time:
    D:10: 1014 daAuts
   Orc:2: 881 daAuts
  Lair:3: 852 daAuts
     D:8: 743 daAuts
     D:1: 736 daAuts
     D:9: 692 daAuts
  Lair:6: 637 daAuts
     D:5: 621 daAuts
     D:6: 619 daAuts
     D:7: 619 daAuts
     D:4: 597 daAuts
    D:12: 572 daAuts
  Lair:2: 535 daAuts
    D:11: 515 daAuts
     D:2: 502 daAuts

Table legend:
 A = Non-vault XP
 B = Vault XP
 C = Vault XP percentage of total XP
 D = Non-vault monster count
 E = Vault monster count
 F = Vault count percentage of total count
                 A         B        C        D         E       F
            +---------+---------+-------+---------+---------+-------
      Total |   86034 |   81491 |  48.6 |     475 |     376 |  44.2
            +---------+---------+-------+---------+---------+-------
        D:1 |      43 |       0 |   0.0 |      25 |       0 |   0.0
        D:2 |      27 |      46 |  63.0 |       8 |       4 |  33.3
        D:3 |      46 |     301 |  86.7 |      16 |      20 |  55.6
        D:4 |     232 |     202 |  46.5 |      18 |       2 |  10.0
        D:5 |     453 |     239 |  34.5 |       9 |       5 |  35.7
        D:6 |    1450 |      96 |   6.2 |      20 |       1 |   4.8
        D:7 |     855 |      11 |   1.3 |      16 |       5 |  23.8
        D:8 |    1070 |    1230 |  53.5 |      22 |       6 |  21.4
        D:9 |    2440 |     383 |  13.6 |      24 |       1 |   4.0
       D:10 |    1912 |   10050 |  84.0 |      19 |      94 |  83.2
       D:11 |    5710 |     706 |  11.0 |      19 |       4 |  17.4
       D:12 |    7080 |       0 |   0.0 |      25 |       0 |   0.0
       D:13 |    2354 |       0 |   0.0 |       4 |       0 |   0.0
       D:14 |     526 |       0 |   0.0 |       1 |       0 |   0.0
       D:15 |    3062 |    3629 |  54.2 |      10 |       9 |  47.4
     Lair:1 |    2465 |    3342 |  57.6 |      10 |      11 |  52.4
     Lair:2 |   11798 |    2824 |  19.3 |      38 |      23 |  37.7
     Lair:3 |    6961 |   13343 |  65.7 |      26 |      33 |  55.9
     Lair:4 |    6572 |     541 |   7.6 |      31 |       1 |   3.1
     Lair:5 |     972 |    1530 |  61.2 |       4 |       6 |  60.0
     Lair:6 |   13145 |   11734 |  47.2 |      45 |      39 |  46.4
    Swamp:1 |    8651 |    1850 |  17.6 |      19 |       1 |   5.0
    Swamp:2 |    3517 |       0 |   0.0 |       9 |       0 |   0.0
      Orc:1 |     962 |     898 |  48.3 |      20 |       5 |  20.0
      Orc:2 |    3731 |    8407 |  69.3 |      37 |      26 |  41.3
      Elf:1 |       0 |    3100 | 100.0 |       0 |       5 | 100.0
     Bailey |       0 |     419 | 100.0 |       0 |      16 | 100.0
      IceCv |       0 |    5834 | 100.0 |       0 |      23 | 100.0
    Volcano |       0 |    6627 | 100.0 |       0 |      20 | 100.0
   Gauntlet |       0 |    4149 | 100.0 |       0 |      16 | 100.0
            +---------+---------+-------+---------+---------+-------
